 Dungeon Crawl Stone Soup version 0.24.1-14-gf8d2b509d9 (webtiles) character file.

Game seed: 6796761339521661708, levelgen mode: deterministic

212 KlarStein the Slasher (level 5, -4/42 HPs)
             Began as a Demonspawn Berserker on Dec 9, 2020.
             Was a Priest of Trog.
             Killed from afar by a white imp (7 damage)
             ... with a puff of frost
             ... summoned by Natasha
             ... on level 4 of the Dungeon.
             The game lasted 00:08:31 (2052 turns).

KlarStein the Slasher (Demonspawn Berserker)        Turns: 2052, Time: 00:08:32

Health: -4/42      AC:  8    Str: 18    XL:     5   Next: 58%
Magic:  5/5        EV: 12    Int:  8    God:    Trog [***...]
Gold:   182        SH:  0    Dex: 13    Spells: 4/4 levels left

rFire    . . .     SeeInvis .   k - +2 short sword (speed)
rCold    . . .     Gourm    .   (no shield)
rNeg     . . .     Faith    .   d - +0 ring mail
rPois    .         Spirit   .   g - +0 helmet
rElec    .         Reflect  .   (no cloak)
rCorr    .         Harm     .   (no gloves)
MR       ++...                  (no boots)
Stlth    +.........             (no amulet)
HPRegen  1.14/turn              (no ring)
MPRegen  0.09/turn              (no ring)

@: berserk cooldown, regenerating
A: icy blue scales 1, powered by death 1, spiny 1
a: Berserk, Trog's Hand, Renounce Religion


You were on level 4 of the Dungeon.
You worshipped Trog.
Trog was most pleased with you.
You were hungry.

You visited 1 branch of the dungeon, and saw 4 of its levels.

You collected 182 gold pieces.

Inventory:

Hand Weapons
 a - a +0 falchion
 k - a +2 short sword of speed (weapon)
Armour
 d - a +0 ring mail (worn)
 g - a +0 helmet (worn)
 s - a +0 cloak
Jewellery
 o - an uncursed ring of see invisible {unknown}
Scrolls
 b - a scroll of fog {unknown}
 f - 3 scrolls of identify {unknown}
 h - 3 scrolls of remove curse {unknown}
 i - 2 scrolls of teleportation {unknown}
 n - a scroll of enchant weapon {unknown}
 p - a scroll of blinking {unknown}
Potions
 e - 2 potions of curing {unknown}
 j - 3 potions of flight {unknown}
 l - 2 potions of lignification {unknown}
 q - a potion of brilliance {unknown}
 r - a potion of heal wounds {unknown}
Comestibles
 c - 10 rations


   Skills:
 + Level 3.8 Fighting
 * Level 4.2 Long Blades
 + Level 2.9 Armour
 + Level 2.8 Dodging


You had 4 spell levels left.
You didn't know any spells.
Your spell library was empty.

Dungeon Overview and Level Annotations

Branches:
Dungeon (4/15)
 Temple: D:4-7

Altars:
Elyvilon

Annotations:
D:3 2 runed translucent doors, Voland's ghost, amateur GrWz
D:4 Natasha


Innate Abilities, Weirdness & Mutations

You are partially covered in icy blue scales. (AC +2)
You regenerate a little health from kills.
You are partially covered in sharp spines.


Message History

You barely miss Natasha. The white imp gestures at you.
The puff of frost hits you! The white imp is struck by your spines.
The white imp closely misses you.
You hit Natasha.
Natasha is moderately wounded.
Natasha casts a spell at you. The magic dart hits you!
* * * LOW HITPOINT WARNING * * *
The shadow imp misses you. The orc hits you with a +0 club.
* * * LOW HITPOINT WARNING * * *
Your skin crawls.
You feel resistant to hostile enchantments.
You feel somewhat more hungry. The white imp hits you.
* * * LOW HITPOINT WARNING * * *
The white imp freezes you.
* * * LOW HITPOINT WARNING * * *
The white imp gestures at you. The puff of frost hits you!
You die...

#.## ##...#
#....# #....#
########....###.
#...............
#.....555...#
#.....o@h#
#........#
#....†...#
#........#
##########


You could see Natasha, 2 white imps, a shadow imp and an orc.

Vanquished Creatures
  Crazy Yiuf (D:3)
  An orc priest (D:3)
  5 adders
  3 worms
  2 dart slugs
  3 leopard geckos
  12 orcs (D:3)
  9 bats
  3 giant cockroaches
  7 hobgoblins
  8 jackals
  A quokka (D:3)
  A ball python (D:3)
  6 frilled lizards
  5 goblins
  8 kobolds
  A leopard gecko skeleton (D:4)
  8 rats
84 creatures vanquished.

Notes
Turn   | Place    | Note
-------+----------+-------------------------------------------
     0 | D:1      | KlarStein the Demonspawn Berserker began the quest for the
                  | Orb.
     0 | D:1      | Reached XP level 1. HP: 18/18 MP: 1/1
   116 | D:1      | Reached skill level 3 in Long Blades
   116 | D:1      | Gained mutation: You are partially covered in sharp spines.
                  | [demonic ancestry]
   116 | D:1      | Reached XP level 2. HP: 21/24 MP: 2/2
   846 | D:2      | Gained mutation: You regenerate a little health from kills.
                  | [demonic ancestry]
   846 | D:2      | Reached XP level 3. HP: 29/29 MP: 3/3
   902 | D:2      | Reached ** piety under Trog
   978 | D:2      | Found a white marble altar of Elyvilon.
  1258 | D:3      | Gained mutation: You are partially covered in icy blue
                  | scales. (AC +2) [demonic ancestry]
  1258 | D:3      | Reached XP level 4. HP: 35/35 MP: 4/4
  1384 | D:3      | Found a runed translucent door.
  1399 | D:3      | Found a runed translucent door.
  1424 | D:3      | Noticed a bullfrog
  1424 | D:3      | Noticed Voland's ghost (amateur GrWz)
  1518 | D:3      | Found a runed translucent door.
  1519 | D:3      | Noticed Crazy Yiuf
  1696 | D:3      | Reached XP level 5. HP: 38/41 MP: 5/5
  1844 | D:3      | Reached *** piety under Trog
  1855 | D:3      | Reached skill level 4 in Long Blades
  2012 | D:3      | Killed Crazy Yiuf
  2042 | D:4      | Noticed Natasha
  2052 | D:4      | Killed from afar by a white imp

Levels and vault maps discovered:
D:1:      dpeg_arrival_tiny_g, layout_basic
D:2:      cheibrodos_helix_gallery, layout_rooms, lemuel_coloured_pillars_altar,
          minmay_tromino_mix6
D:3:      minmay_chambers_of_twos, layout_loops_ring, ebering_ghost_sewer_f,
          uniq_crazy_yiuf_cottage
D:4:      layout_basic, okawaru_altar_gauntlet_db, lemuel_crystal_altar,
          first_ration, grunt_decor_arrowhead, trog_wizard, uniq_natasha

Skill      XL: |  1  2  3  4  5 |
---------------+----------------+-----
Long Blades    | 3 4 |  4.2
Armour         | 2 |  2.9
Dodging        | 2 |  2.8
Fighting       | |  3.8

Action                   |  1- 3 |  4- 6 || total
-------------------------+-------+-------++-------
Melee: Falchion          |    57 |       ||    57
       Short sword       |    21 |   106 ||   127
Invok: Berserk           |     1 |     2 ||     3
       Trog's Hand       |       |     1 ||     1
  Eat: Chunk             |     2 |     4 ||     6
Armor: Animal skin       |     8 |       ||     8
       Ring mail         |    11 |    16 ||    27
Dodge: Dodged            |    42 |    37 ||    79
       Rpst.: Falchion   |    18 |       ||    18
